 Dungeon Crawl Stone Soup version 0.32-a0-30-gefbe487952 (webtiles) character file.

Game seed: 2625209560833207795

10117 anacleto the Mimic (level 11, -3/119 HPs)
             Began as a Troll Shapeshifter on Jan 19, 2024.
             Was a Believer of the Shining One.
             Slain by a catoblepas (32 damage)
             ... on level 8 of the Dungeon.
             The game lasted 00:24:14 (8880 turns).

anacleto the Mimic (Troll Shapeshifter)             Turns: 8880, Time: 00:24:14

Health: -3/119     AC:  8    Str: 37    XL:     11   Next: 32%
Magic:  11/11      EV: 15    Int:  5    God:    the Shining One [**....]
Gold:   290        SH:  5    Dex:  8    Spells: 10/10 levels left

rFire   . .          .
                       - Unarmed
rCold   . . .        u - melded +0 kite shield
rNeg    + . .        s - melded +0 acid dragon scales
rPois   +            (helmet currently unavailable)
rElec   .            F - melded +2 cloak {rPois}
rCorr   .            (gloves unavailable)
SInv    .            (boots unavailable)
Will    .....        j - amulet of reflection
Stlth   +            y - +5 ring of evasion
HPRegen 1.19/turn    (no ring)
MPRegen 0.12/turn

%: reflection
@: snake-form, glowing
A: constrict, boosted hp, large, unfitting armour, (claws 3), regeneration 1,
(shaggy fur 1), (tough skin 1), low MP 1, strong 1
a: Begin Untransformation, Renounce Religion, Divine Shield


You were on level 8 of the Dungeon.
You worshipped the Shining One.
The Shining One was pleased with you.
You were an enormous serpent.
You visited 2 branches of the dungeon, and saw 10 of its levels.

You collected 710 gold pieces.
You spent 420 gold pieces at shops.

Inventory:

Missiles
 x - 5 poisoned darts
 H - 5 javelins (quivered)
Armour
 s - +0 acid dragon scales (melded)
 u - a +0 kite shield (melded)
 F - a +2 cloak of poison resistance (melded)
Jewellery
 j - an amulet of reflection (around neck)
 n - a ring of resist corrosion
 p - a ring of see invisible
 y - a +5 ring of evasion (left hand)
Talismans
 c - a beast talisman
 d - a flux talisman
 B - a serpent talisman (active)
Wands
 v - a wand of digging (3)
 E - a wand of acid (10)
Scrolls
 a - a scroll of immolation {unknown}
 e - 2 scrolls of revelation
 i - 2 scrolls of enchant armour
 k - 2 scrolls of poison {unknown}
 m - 5 scrolls of amnesia
 t - a scroll of vulnerability {unknown}
 w - a scroll of butterflies {unknown}
 z - a scroll of fog {unknown}
 A - a scroll of blinking {unknown}
 C - a scroll of enchant weapon {unknown}
Potions
 b - 2 potions of lignification
 f - a potion of magic {unknown}
 l - a potion of enlightenment {unknown}
 o - 3 potions of heal wounds
 q - 4 potions of curing
 r - a potion of haste
 D - a potion of might {unknown}
 G - 2 potions of attraction {unknown}


   Skills:
 + Level 5.7 Fighting
 + Level 4.4 Throwing
 + Level 3.2 Armour
 + Level 5.2 Dodging
 + Level 4.7 Shields
 + Level 7.4 Unarmed Combat
 + Level 4.5 Invocations
 * Level 9.4 Shapeshifting


You had 10 spell levels left.
You didn't know any spells.
Your spell library contained the following spells:

 Spells                   Type           Power      Damage    Failure   Level
 Shock                    Conj/Air       0%         1d3       47%         1
 Fugue of the Fallen      Necr           0%         N/A       85%         3
 Ozocubu's Armour         Ice            0%         N/A       85%         3
 Swiftness                Air            0%         N/A       85%         3
 Airstrike                Air            0%         2d(0-16)  99%         4
 Manifold Assault         Tloc           0%         N/A       99%         4
 Olgreb's Toxic Radiance  Alch           0%         N/A       99%         4
 Ozocubu's Refrigeration  Ice            0%         4d7       100%        7
 Discord                  Hex            0%         N/A       100%        8


Dungeon Overview and Level Annotations

Branches:
Dungeon (9/15)             Temple (1/1) D:5
   Lair: D:8-11         Orc: D:9-12

Altars:
Ashenzari
Cheibriados
Dithmenos
Elyvilon
Fedhas
Gozag
Hepliaklqana
Kikubaaqudgha
Makhleb
Nemelex Xobeh
Okawaru
Qazlal
Ru
Sif Muna
Trog
Uskayaw
Vehumet
Wu Jian
Xom
Yredelemnul
Zin
The Shining One

Shops:
D:6 :=


Innate Abilities, Weirdness & Mutations

You are an enormous serpent.
You have a powerful constriction melee attack.
Your maximum health is increased.
Your armour is entirely melded.
You are incapable of wielding weapons or throwing items.
You are too large for most types of armour.
((You have claws for hands.))
Your natural rate of healing is unusually fast.
((You are covered in fur. (AC +1)))
((You have tough skin. (AC +1)))
Your magical capacity is low. (-10% MP)
Your muscles are strong. (Str +4, Int/Dex -1)


Message History

The Shining One accepts your kill.
You feel yourself speed up.
There is a stone staircase leading down here.
You start resting.
HP restored.
You climb downwards.
There is a stone staircase leading up, spattered with blood here.
There is a stone staircase leading up, spattered with blood here.
You climb upwards.
There is a stone staircase leading down here.
You start waiting.
Done waiting.
You climb downwards.
The catoblepas breathes a plume of calcifying dust at you.
The blast of calcifying dust hits you.
There is a stone staircase leading up, spattered with blood here.
Unknown command.
You are engulfed in calcifying dust.
You are slowing down.
The catoblepas gores you!
You climb upwards.
You have turned to stone.
The catoblepas gores you!! x4
The catoblepas completely misses you.
The catoblepas breathes a plume of calcifying dust at you.
The blast of calcifying dust hits you.
You are engulfed in calcifying dust.
The catoblepas gores you!!
You are engulfed in calcifying dust.
The catoblepas gores you!!
You are engulfed in calcifying dust.
The catoblepas breathes a plume of calcifying dust at you.
The blast of calcifying dust hits you but does no damage.
You are engulfed in calcifying dust.
The catoblepas gores you!!
* * * LOW HITPOINT WARNING * * *
You turn to flesh and can move again.
There is a stone staircase leading down here.
Okay, then.
You lash the catoblepas! You grab the catoblepas.
The catoblepas is moderately wounded.
You constrict the catoblepas, but do no damage.
The catoblepas gores you!!
You die...

#...##.##....#### ##...#
#...##.#####....####.....
#......# ####..........
####...## #####......
#.##...## ########......
#.......### #.....###.....
#.......รทยง###.....###.....
###....###>...#.....##.....>
#.........YS........##......
#......###..........##).....
#<...<...###........###.....
#.....##.# #..#.............
#......#.# #.........##.....
#........###....####...###..
#######.....#...# ###..##..
##.##.....### ##..##.
#.####.....######....


You could see a catoblepas.

Vanquished Creatures
  2 centaur warriors
  2 two-headed ogres (D:9)
  A deep elf pyromancer (D:9)
  A cyclops (D:9)
  An ugly thing (D:8)
  A meliai (D:9)
  Jeremiah (D:7)
  An efreet (D:9)
  A troll (D:9)
  A hornet (D:9)
  A slime creature (D:9)
  A wraith (D:8)
  2 shadows (D:9)
  8 yaks
  2 steam dragons
  An acid dragon (D:9)
  3 ice beasts
  3 orc warriors
  3 black bears
  2 sky beasts
  6 centaurs
  2 phantoms
  A bullfrog (D:7)
  A gnoll sergeant (D:7)
  A scorpion (D:7)
  5 killer bees
  4 howler monkeys
  2 bombardier beetles
  A gnoll bouda (D:4)
  4 hounds
  6 jellies
  4 orc priests
  2 iguanas (D:5)
  A sleepcap (D:8)
  7 orc wizards
  8 gnolls
  6 adders
  A shadow imp (D:6)
  A white imp (D:7)
  2 ufetubi (D:6)
  3 dart slugs
  35 orcs
  6 endoplasms
  2 giant cockroaches
  5 goblins
  5 hobgoblins
  4 jackals (D:1)
  3 quokkas
  6 ball pythons
  A bat (D:1)
  2 frilled lizards (D:2)
  5 kobolds
  7 rats
187 creatures vanquished.

Notes
Turn   | Place    | Note
-------+----------+-------------------------------------------
     0 | D:1      | anacleto the Troll Shapeshifter began the quest for the
                  | Orb.
     0 | D:1      | Reached XP level 1. HP: 18/18 MP: 0/0
    86 | D:1      | Reached skill level 1 in Fighting
    88 | D:1      | Reached XP level 2. HP: 27/27 MP: 1/1
   471 | D:2      | Reached XP level 3. HP: 24/33 MP: 2/2
  1378 | D:3      | Found a basalt altar of Yredelemnul.
  1409 | D:3      | Reached XP level 4. HP: 41/41 MP: 3/3
  1609 | D:3      | Noticed a sky beast
  1650 | D:2      | Killed a sky beast
  1651 | D:2      | Reached skill level 4 in Shapeshifting
  1651 | D:2      | Reached XP level 5. HP: 15/49 MP: 4/4
  2312 | D:4      | Reached XP level 6. HP: 57/57 MP: 5/5
  2382 | D:4      | Reached skill level 1 in Shields
  2937 | D:5      | Entered Level 5 of the Dungeon
  2946 | D:4      | Reached skill level 5 in Shapeshifting
  3139 | D:5      | Found a staircase to the Ecumenical Temple.
  3148 | D:5      | Reached XP level 7. HP: 66/66 MP: 6/6
  3163 | Temple   | Entered the Ecumenical Temple
  3221 | Temple   | Became a worshipper of the Shining One
  4045 | D:6      | Found Wuthoociske's Tiny Tomes.
  4218 | D:5      | Reached skill level 6 in Shapeshifting
  4218 | D:5      | Reached XP level 8. HP: 21/75 MP: 7/7
  4320 | D:6      | Found Waeneh's Jewellery Shoppe.
  4501 | D:6      | Reached skill level 5 in Unarmed Combat
  5127 | D:7      | Reached skill level 1 in Invocations
  5250 | D:7      | Reached * piety under the Shining One
  5267 | D:7      | Reached skill level 1 in Throwing
  5298 | D:7      | Reached skill level 7 in Shapeshifting
  5355 | D:7      | Found an ornate altar of the Wu Jian Council.
  5391 | D:7      | Noticed Jeremiah
  5561 | D:6      | Reached XP level 9. HP: 72/84 MP: 9/9
  6528 | D:8      | Reached skill level 1 in Armour
  6615 | D:8      | Reached skill level 8 in Shapeshifting
  6962 | D:9      | Noticed a two-headed ogre
  6970 | D:9      | Reached XP level 10. HP: 49/94 MP: 11/11
  7000 | D:9      | Killed a two-headed ogre
  7057 | D:9      | Reached skill level 5 in Fighting
  7088 | D:9      | Noticed a centaur warrior
  7098 | D:9      | Killed a centaur warrior
  7197 | D:9      | Noticed a two-headed ogre
  7206 | D:9      | Gained mutation: Your magical capacity is low. (-10% MP)
                  | [potion of mutation]
  7206 | D:9      | Gained mutation: Your muscles are strong. (Str +4, Int/Dex
                  | -1) [potion of mutation]
  7212 | D:9      | Killed a two-headed ogre
  7552 | D:9      | Reached skill level 9 in Shapeshifting
  7609 | D:9      | Noticed a centaur warrior
  7609 | D:9      | Reached ** piety under the Shining One
  7802 | D:6      | Bought a serpent talisman for 420 gold pieces
  8001 | D:7      | Killed Jeremiah
  8134 | D:9      | Noticed a white ugly thing
  8134 | D:9      | Noticed a catoblepas
  8134 | D:9      | Noticed a cyclops
  8134 | D:9      | Noticed a skeletal warrior
  8134 | D:9      | Noticed a boulder beetle
  8143 | D:9      | Killed a cyclops
  8144 | D:9      | Reached XP level 11. HP: 101/104 MP: 11/11
  8295 | D:9      | Noticed a deep elf pyromancer
  8295 | D:9      | Noticed a centaur warrior
  8295 | D:9      | Noticed an ogre mage
  8330 | D:9      | Reached skill level 5 in Dodging
  8398 | D:9      | Noticed an eight-headed hydra
  8425 | D:9      | Killed a deep elf pyromancer
  8529 | D:8      | Killed a white ugly thing
  8715 | D:8      | Killed a centaur warrior
  8880 | D:8      | Slain by a catoblepas

Illustrated notes

Levels and vault maps discovered:
D:1:      saegor_arrival_simple_e, layout_basic
D:2:      layout_loops_corners, minmay_distorted
D:3:      layout_loops_ring, yredelemnul_altar_generic
D:4:      layout_basic
D:5:      layout_gridville, minmay_temple_entry_stoned_glass, chequers_big_river
D:6:      layout_loops_ring, grunt_decor_arrowhead,
          nicolae_shop_i_like_small_books_too, nicolae_stop_n_shop_2
D:7:      layout_basic, nicolae_wu_jian_wuxing_cycle, st_stairs_13,
          kennysheep_opposing_triangles, uniq_jeremiah
D:8:      layout_rooms
D:9:      layout_small_grid, nicolae_rejected_hall
Temple:   nicolae_temple_slightly_damp_pantheon

Skill      XL: |  1  2  3  4  5  6  7  8  9 10 11 |
---------------+----------------------------------+-----
Fighting       | 1 2 3 4 5 |  5.7
Dodging        | 2 3 4 5 |  5.2
Shapeshifting  | 4 5 6 7 8 9 |  9.4
Unarmed Combat | 4 5 6 7 |  7.4
Shields        | 1 2 3 4 |  4.7
Invocations    | 1 3 4 |  4.5
Throwing       | 1 3 4 |  4.4
Armour         | 1 2 3 |  3.2

Action                     |  1- 3 |  4- 6 |  7- 9 | 10-12 || total
---------------------------+-------+-------+-------+-------++-------
  Melee: Unarmed           |    82 |   124 |   227 |    97 ||   530
         Punch             |     2 |       |       |       ||     2
         Constrict         |       |       |       |     8 ||     8
  Throw: Javelin           |       |       |    27 |       ||    27
Ability: Begin Untransform |       |       |     1 |     2 ||     3
  Evoke: Wand              |       |       |       |     3 ||     3
    Use: Scroll            |       |       |     8 |     4 ||    12
         Potion            |       |       |     1 |     2 ||     3
   Stab: Sleeping          |       |     1 |       |       ||     1
 Armour: Animal skin       |    56 |    82 |   175 |    28 ||   341
         Acid dragon scale |       |       |       |    22 ||    22
         Skin              |       |       |       |    61 ||    61
  Dodge: Dodged            |    32 |    38 |   119 |    71 ||   260
  Block: Kite shield       |       |    41 |   112 |    39 ||   192
         Reflection        |       |       |    13 |     3 ||    16
         Other             |       |       |       |     8 ||     8
   Form: Beast             |       |       |     1 |     1 ||     2
         Serpent           |       |       |       |     1 ||     1

Table legend: (Time is in decaauts)
 A = Elapsed time spent in this place.
 B = Non-inter-level travel time spent in this place.
 C = Inter-level travel time spent in this place.
 D = Time resting spent in this place.
 E = Time spent auto-exploring this place.
 F = Levels seen in this place.
 G = Mean time per level.
                   A        B        C        D        E       F      G
               +--------+--------+--------+--------+--------+-----+--------+
         Total |   8930 |   8401 |    529 |   1487 |   4556 |  10 |  893.0 |
       Dungeon |   8850 |   8342 |    508 |   1462 |   4556 |   9 |  983.3 |
        Temple |     79 |     58 |     21 |     25 |      0 |   1 |   79.0 |
               +--------+--------+--------+--------+--------+-----+--------+

Top non-repeatable levels by time:
     D:7: 1579 daAuts
     D:9: 1373 daAuts
     D:5: 1100 daAuts
     D:2: 946 daAuts
     D:6: 898 daAuts
     D:4: 868 daAuts
     D:8: 833 daAuts
     D:3: 807 daAuts
     D:1: 444 daAuts
  Temple: 79 daAuts
